 Dungeon Crawl Stone Soup version 0.29-a0-722-g64f5989226 (webtiles) character file.

Game seed: 7714562271758426296

15105 Ge0ff the Skirmisher (level 11, -3/55 HPs)
             Began as a Deep Elf Venom Mage on June 28, 2022.
             Was an Elder of Hepliaklqana.
             Killed from afar by a hellion (25 damage)
             ... with damnation
             ... in a Gauntlet.
             The game lasted 00:37:33 (15630 turns).

Ge0ff the Skirmisher (Deep Elf Venom Mage)         Turns: 15630, Time: 00:37:33

Health: -3/55      AC: 11    Str:  8    XL:     11   Next: 97%
Magic:  20/20      EV: 13    Int: 31    God:    Hepliaklqana [****..]
Gold:   248        SH:  5    Dex: 17    Spells: 11/20 levels left

rFire   . . .      SeeInvis +   a - +11 sling "Kiuqait" {flame, rElec rC+ Will+ Int+2}
rCold   + . .      Faith    .   u - +0 buckler
rNeg    . . .      Spirit   .   G - +1 troll leather armour
rPois   .          Reflect  .   Q - +0 helmet
rElec   +          Harm     .   z - +0 cloak
rCorr   .          Rampage  .   n - +1 pair of gloves {Str+3}
Will    ++...      NoTele   +   Y - +0 pair of boots
Stlth   ++........              (no amulet)
HPRegen 0.98/turn               S - ring of see invisible
MPRegen 0.17/turn               J - +6 ring of intelligence

@: invisible
A: reduced essence
a: Renounce Religion, Recall Ancestor, Ancestor Identity, Transference, Idealise


You were in a Gauntlet.
You worshipped Hepliaklqana.
Hepliaklqana was greatly pleased with you.
You visited 2 branches of the dungeon, and saw 13 of its levels.
You also visited: Gauntlet.

You collected 828 gold pieces.
You spent 580 gold pieces at shops.

Inventory:

Hand Weapons
 a - the +11 sling "Kiuqait" (weapon) {flame, rElec rC+ Will+ Int+2}
   (You found it on level 4 of the Dungeon)

   Any ammunition fired from it burns those it strikes, dealing additional fire
   damage.
   Int:       It affects your intelligence (+2).
   rC:        It protects you from cold.
   rElec:     It insulates you from electricity.
   Will:      It increases your willpower.
 b - a +2 dagger of draining
 r - a +3 dagger of chaos
 w - a +0 dagger of venom
Missiles
 v - 2 curare-tipped darts {=F}
 D - 57 poisoned darts
 O - 5 datura-tipped darts {=F}
 U - 16 boomerangs
Armour
 l - the +2 cloak of a bazaar {rElec rCorr Str+3 Dex-2}
   (You found it in a Gauntlet)

   Str:       It affects your strength (+3).
   Dex:       It affects your dexterity (-2).
   rElec:     It insulates you from electricity.
   rCorr:     It protects you from acid and corrosion.
 n - a +1 pair of gloves of strength (worn)
 p - a +1 robe of cold resistance
 s - the +0 leather armour "Suyc" {Rampage rC+}
   (You bought it in a shop on level 2 of the Dungeon)

   rC:        It protects you from cold.
   Rampage:   It bestows one free step when moving towards enemies.
 u - a +0 buckler (worn)
 z - a +0 cloak (worn)
 F - the +2 leather armour of Love and Death {SInv}
   (You bought it in a shop on level 2 of the Dungeon)

   SInv:      It lets you see invisible.
 G - a +1 troll leather armour (worn)
 M - a +1 pair of gloves of infusion
 Q - a +0 helmet (worn)
 Y - a +0 pair of boots (worn)
Magical Staves
 X - a staff of cold
Jewellery
 k - an amulet of faith
 o - a ring of ice
 J - a +6 ring of intelligence (right hand)
 S - a ring of see invisible (left hand)
Wands
 d - a wand of digging (3)
 e - a wand of charming (18)
 j - a wand of acid (7)
 P - a wand of polymorph (28)
Scrolls
 m - 2 scrolls of magic mapping
 y - a scroll of immolation
 B - 3 scrolls of blinking
 C - a scroll of poison
 E - 4 scrolls of fear
 H - 3 scrolls of enchant weapon
 R - 5 scrolls of amnesia
 T - 6 scrolls of teleportation
 V - 5 scrolls of vulnerability
Potions
 q - 11 potions of curing
 t - a potion of ambrosia {unknown}
 x - 2 potions of brilliance {unknown}
 A - 2 potions of attraction
 I - 2 potions of invisibility
 K - 2 potions of magic {!q}
 L - 2 potions of lignification
 N - 3 potions of cancellation {!q}
 W - a potion of heal wounds {!q}
 Z - 2 potions of berserk rage {!q}


   Skills:
 + Level 4.7 Fighting
 - Level 14.0 Ranged Weapons
 + Level 4.7 Armour
 - Level 5.0 Dodging
 - Level 2.4 Stealth
 - Level 4.0 Shields
 - Level 5.0 Spellcasting
 - Level 7.0 Conjurations
 - Level 2.0 Transmutations
 - Level 3.0 Air Magic
 - Level 7.0 Earth Magic
 - Level 5.0 Poison Magic
 - Level 7.0 Evocations


You had 11 spell levels left.
You knew the following spells:

 Your Spells              Type           Power      Damage    Failure   Level
f - Mephitic Cloud        Conj/Pois/Air  38%        N/A       3%          3
k - Sting                 Tmut/Pois      100%       1d8       2%          1
m - Stone Arrow           Conj/Erth      100%       3d13      1%          3
C - Poisonous Vapours     Pois/Air       64%        N/A       2%          2

Your spell library contained the following spells:

 Spells                   Type           Power      Damage    Failure   Level
 Static Discharge         Conj/Air       38%        N/A       1%          2
 Olgreb's Toxic Radiance  Pois           38%        N/A       12%         4
 Animate Armour           Summ/Erth      58%        N/A       22%         4
 Hailstorm                Conj/Ice       29%        3d8       22%         4
 Sticky Flame             Conj/Fire      29%        2d5       22%         4
 Ozocubu's Armour         Ice            7%         N/A       28%         3
 Summon Lightning Spire   Summ/Air       17%        N/A       45%         4
 Ice Form                 Ice/Tmut       13%        N/A       54%         4
 Dispel Undead            Necr           7%         3d8       67%         4
 Simulacrum               Ice/Necr       3%         N/A       100%        6
 Ozocubu's Refrigeration  Ice            3%         4d5       100%        7
 Storm Form               Tmut/Air       11%        N/A       100%        7
 Lehudib's Crystal Spear  Conj/Erth      25%        10d7      100%        8
 Maxwell's Capacitive Co  Air            13%        ∞         100%        8


Dungeon Overview and Level Annotations

Branches:
Dungeon (12/15) Zot: 26855  Temple (1/1) D:6 Zot: 5804    Lair (0/6) D:9
    Orc (0/2) D:9         Gauntlet (1/1) Zot: 5543

Altars:
Ashenzari
Cheibriados
Dithmenos
Elyvilon
Fedhas
Gozag
Hepliaklqana
Kikubaaqudgha
Makhleb
Nemelex Xobeh
Okawaru
Qazlal
Ru
Sif Muna
Trog
Uskayaw
Vehumet
Wu Jian
Xom
Yredelemnul
Zin
The Shining One
Lugonu

Shops:
D:2 [   D:4 *

Annotations:
D:1 21-26 Poison (Contaminator)
D:10 2 transporters
D:12 plate trap Gauntlet 11 transporters


Message History

You feel a little less mighty now.
You feel a little less agile now.
There is a transporter here.
You fade into invisibility!
You enter the transporter and appear at another place.
The hell hound barks!
Galadriel casts a spell at the red devil.
The puff of frost hits the red devil!
The red devil is frozen!
The red devil closely misses Galadriel.
You shoot a sling bullet. Galadriel avoids your attack.
The sling bullet hits the red devil.
The red devil is heavily wounded.
Galadriel closely misses the red devil.
You shoot a sling bullet. Galadriel avoids your attack.
The hell hound barks!
The sling bullet hits the red devil!
The red devil is severely wounded.
The red devil closely misses Galadriel.
Galadriel gestures at the red devil while chanting.
The puff of frost hits the red devil.
You shoot a sling bullet. The sling bullet hits the hell hound.
The hell hound is lightly wounded.
You block the hell hound's attack.
The red devil closely misses Galadriel.
The hell hound breathes flames at you. The blast of flame hits you!
The blast of flame hits Galadriel!
Galadriel resists.
Galadriel gestures at the hell hound while chanting.
The puff of frost hits the hell hound!!
The hell hound is frozen!
You shoot a sling bullet. The sling bullet hits the hell hound!
You kill the hell hound!
The red devil hits Galadriel with a +0 trident!
The hellion gestures at you.
The sphere of damnation explodes!
The damnation engulfs you!!
Ouch! That really hurt!
* * * LOW HITPOINT WARNING * * *
Something hits Galadriel!
Really quaff
W - 2 potions of heal wounds {!q}?
You feel much better. The hellion gestures at you.
The sphere of damnation explodes!
The damnation engulfs you!!
The damnation engulfs Galadriel!!
Galadriel is destroyed!
Aiming: Corrosive Bolt
Press: ? - help, Shift-Dir - straight line, f - hellion
Aim: a hellion (can't see you, 74% to hit)
The bolt of acid hits the hellion!
The acid corrodes the hellion!
The hellion is heavily wounded.
The hellion gestures at you.
The sphere of damnation explodes!
The damnation engulfs you!!
You die...

###########..#.#..##
#8#..........#.#.##.
#####..........#.#....
###≈.....#########.#####
#8#......#©........#≈≈§§
###..#############.#####
#..##..#..##.#.#.#....
#..###.##.##.#.#.#.≈≈≈
#####..#.@..2...##.#.#§.≈.
#≈8≈#..#.##4##h###.#.#[..≈
#...#..#..#.##.###.#©#©..≈
#.8.####......#..#.###$≈.≈
.##.....©##.#####.##...#.§≈.
....8.########.##h##...#§§§≈
#...#.§#..!:©.=h4#...#§.hh
#.8.#..###########...#####
#...#≈§............§......


You could see a hellion (can't see you, corroded), a red devil (can't see you)
and a hell hound.

Vanquished Creatures
  A boulder beetle (D:11)
  2 two-headed ogres
  A cyclops (D:12)
  A deep elf pyromancer (D:12)
  A manticore (D:12)
  An eye of devastation (Gauntlet)
  An unseen horror (D:11)
  A kobold demonologist (D:7)
  A hornet (D:10)
  3 trolls
  Prince Ribbit (D:7)
  Sigmund (D:4)
  A shadow (D:9)
  7 yaks
  A wyvern (D:8)
  A golden eye (Gauntlet)
  An acid dragon (D:10)
  A hell hound (Gauntlet)
  3 floating eyes
  4 black bears
  5 orc warriors
  5 ice beasts
  An ogre (D:5)
  A centaur (D:11)
  A phantom (D:5)
  7 bullfrogs
  7 kobold brigands
  Blork the orc (D:4)
  A gnoll sergeant (D:11)
  6 scorpions
  4 wights
  5 killer bees
  7 howler monkeys
  3 hounds
  2 jellies
  5 orc priests
  7 iguanas
  6 orc wizards
  Robin (D:3)
  7 adders
  16 gnolls
  4 ufetubi
  A worm (D:2)
  2 dart slugs
  29 orcs
  9 endoplasms
  2 giant cockroaches
  19 goblins
  5 hobgoblins
  4 quokkas
  6 ball pythons
  5 bats
  6 frilled lizards
  21 kobolds
  7 rats
252 creatures vanquished.

Vanquished Creatures (collateral kills)
  An apocalypse crab (Gauntlet)
  A gargoyle (D:11)
  A kobold demonologist (D:10)
  Psyche (D:8)
  4 trolls
  A hornet (D:10)
  5 yaks
  2 wyverns
  An orc warrior (D:7)
  The ghost of benitares the Shooter, an amateur MiHu (D:4)
  A centaur (D:9)
  2 howler monkeys (D:9)
  2 orc wizards (D:10)
  4 kobolds
27 creatures vanquished.

Vanquished Creatures (others)
  3 battlemagi
  An ancestor (D:5)
  13 demonic plants (Gauntlet)
  19 fungi (D:9)
  19 plants
55 creatures vanquished.

Grand Total: 334 creatures vanquished

Notes
Turn   | Place    | Note
-------+----------+-------------------------------------------
     0 | D:1      | Ge0ff the Deep Elf Venom Mage began the quest for the Orb.
     0 | D:1      | Reached XP level 1. HP: 10/10 MP: 6/6
   160 | D:1      | Reached skill level 1 in Fighting
   457 | D:1      | Reached XP level 2. HP: 16/16 MP: 5/8
   541 | D:1      | Learned a level 2 spell: Poisonous Vapours
  1055 | D:1      | Reached skill level 1 in Air Magic
  1063 | D:1      | Reached XP level 3. HP: 20/20 MP: 4/9
  1192 | D:1      | Found a faded altar of an unknown god.
  1467 | D:1      | Learned a level 3 spell: Mephitic Cloud
  1508 | D:2      | Found Qyezasin's Antique Armour Shoppe.
  2016 | D:2      | Reached skill level 1 in Conjurations
  2252 | D:2      | Reached XP level 4. HP: 19/25 MP: 0/10
  3419 | D:3      | Learned a level 3 spell: Stone Arrow
  4344 | D:3      | Reached XP level 5. HP: 29/29 MP: 1/11
  4440 | D:3      | Noticed Robin
  4455 | D:3      | Killed Robin
  5907 | D:4      | Noticed Sigmund
  5926 | D:4      | Killed Sigmund
  5927 | D:4      | Reached XP level 6. HP: 26/34 MP: 2/14
  6035 | D:4      | Found Tokiang's Tempting Trifles.
  6512 | D:4      | Noticed Blork the orc
  6609 | D:4      | Killed Blork the orc
  6610 | D:4      | Reached XP level 7. HP: 14/38 MP: 3/15
  6820 | D:4      | Identified the +11 sling "Kiuqait" {flame, rElec rC+ Will+
                  | Int+2}
  6909 | D:4      | Reached skill level 1 in Ranged Weapons
  7173 | D:4      | Reached skill level 2 in Ranged Weapons
  7230 | D:4      | Reached skill level 3 in Ranged Weapons
  7314 | D:4      | Found a runed translucent door.
  7318 | D:4      | Noticed benitares's ghost (amateur MiHu)
  7344 | D:4      | Reached skill level 4 in Ranged Weapons
  7386 | D:4      | You fall into a shaft and drop 3 floors!
  7459 | D:7      | Reached skill level 5 in Ranged Weapons
  7553 | D:7      | Reached skill level 6 in Ranged Weapons
  7674 | D:7      | Found a shimmering altar of Xom.
  7742 | D:6      | Found a staircase to the Ecumenical Temple.
  7764 | Temple   | Entered the Ecumenical Temple
  7887 | Temple   | Became a worshipper of Hepliaklqana the Forgotten
  8000 | D:6      | Reached XP level 8. HP: 43/43 MP: 17/17
  8045 | D:6      | Reached skill level 7 in Ranged Weapons
  8076 | D:6      | Reached skill level 8 in Ranged Weapons
  8146 | D:6      | Reached skill level 9 in Ranged Weapons
  8195 | D:5      | Entered Level 5 of the Dungeon
  8380 | D:5      | Found an opulent altar of Gozag.
  8385 | D:5      | Reached * piety under Hepliaklqana
  8433 | D:5      | Reached skill level 10 in Ranged Weapons
  8682 | D:4      | Killed benitares's ghost
  8837 | D:2      | Bought a bloodstained leather armour for 189 gold pieces
  8837 | D:2      | Identified the +0 leather armour "Suyc" {Rampage rC+} (You
                  | bought it in a shop on level 2 of the Dungeon)
  8999 | D:5      | Reached skill level 1 in Shields
  9081 | D:5      | Reached skill level 11 in Ranged Weapons
  9134 | D:5      | Reached XP level 9. HP: 42/42 MP: 18/18
  9389 | D:5      | Reached skill level 12 in Ranged Weapons
 10244 | D:7      | Noticed Prince Ribbit
 10308 | D:7      | Killed Prince Ribbit
 10309 | D:7      | Reached skill level 13 in Ranged Weapons
 10612 | D:7      | Noticed a kobold demonologist
 10618 | D:7      | Killed a kobold demonologist
 10957 | D:2      | Bought a pair of glowing gloves for 202 gold pieces
 11151 | D:8      | Reached skill level 14 in Ranged Weapons
 11308 | D:8      | Reached ** piety under Hepliaklqana
 11309 | D:8      | Remembered your ancestor Galadriel as a battlemage
 11368 | D:8      | Noticed Psyche
 11376 | D:8      | Killed Psyche
 11377 | D:8      | Reached XP level 10. HP: 43/46 MP: 15/19
 11531 | D:8      | Reached skill level 1 in Evocations
 11935 | D:9      | Reached skill level 5 in Spellcasting
 11945 | D:8      | Reached skill level 1 in Armour
 12019 | D:9      | Reached skill level 5 in Poison Magic
 12072 | D:9      | Reached skill level 5 in Conjurations
 12550 | D:9      | Found a staircase to the Lair.
 12600 | D:9      | Found a staircase to the Orcish Mines.
 12601 | D:9      | Noticed a two-headed ogre
 12609 | D:9      | Killed a two-headed ogre
 12658 | D:9      | Reached skill level 5 in Earth Magic
 12758 | D:9      | Found a glowing golden altar of the Shining One.
 13115 | D:2      | Bought a twisted leather armour for 189 gold pieces
 13115 | D:2      | Identified the +2 leather armour of Love and Death {SInv}
                  | (You bought it in a shop on level 2 of the Dungeon)
 13326 | D:10     | Entered Level 10 of the Dungeon
 13347 | D:10     | Reached XP level 11. HP: 39/54 MP: 2/20
 13371 | D:10     | Reached skill level 5 in Evocations
 13532 | D:10     | Noticed a two-headed ogre
 13541 | D:10     | Killed a two-headed ogre
 13804 | D:10     | Found a stormy altar of Qazlal.
 14164 | D:10     | Reached *** piety under Hepliaklqana
 14209 | D:10     | Noticed a cyan ugly thing
 14209 | D:10     | Noticed a green very ugly thing
 14210 | D:10     | Found a transporter.
 14210 | D:10     | Noticed a purple ugly thing
 14212 | D:10     | Found a transporter.
 14212 | D:10     | Found a corrupted altar of Lugonu.
 14387 | D:11     | Noticed a boulder beetle
 14396 | D:11     | Killed a boulder beetle
 14540 | D:11     | Found a shadowy altar of Dithmenos.
 15023 | D:12     | Noticed a deep elf pyromancer
 15026 | D:12     | Killed a deep elf pyromancer
 15096 | D:12     | Reached skill level 5 in Dodging
 15099 | D:12     | Found a gate leading to a gauntlet.
 15171 | Gauntlet | Entered a Gauntlet
 15171 | Gauntlet | Found a transporter.
 15171 | Gauntlet | Found a transporter.
 15175 | Gauntlet | Found a transporter.
 15175 | Gauntlet | Found a transporter.
 15184 | Gauntlet | Found a transporter.
 15184 | Gauntlet | Reached **** piety under Hepliaklqana
 15191 | Gauntlet | Noticed a hell hog
 15192 | Gauntlet | Noticed a fire crab
 15198 | Gauntlet | Found a transporter.
 15205 | Gauntlet | Found a transporter.
 15213 | Gauntlet | Found a transporter.
 15215 | Gauntlet | Found a transporter.
 15215 | Gauntlet | Found a transporter.
 15219 | Gauntlet | Found a transporter.
 15310 | Gauntlet | Found a transporter.
 15332 | Gauntlet | Found a transporter.
 15339 | Gauntlet | Found a transporter.
 15426 | Gauntlet | Found a transporter.
 15428 | Gauntlet | Noticed a wizard
 15435 | Gauntlet | Noticed a wizard
 15440 | Gauntlet | Found a transporter.
 15599 | Gauntlet | Identified the +2 cloak of a bazaar {rElec rCorr Str+3
                  | Dex-2}
 15630 | Gauntlet | Killed from afar by a hellion

Illustrated notes

Levels and vault maps discovered:
D:1:      evilmike_arrival_plus, layout_basic,
          hellmonk_ecumenical_altar_leap_of_faith, minmay_indecisive_spiral
D:2:      layout_basic, serial_shops, nicolae_shop_overgrown_old_shop, hex_tiny
D:3:      layout_basic, chequers_serial_rivers_marsh, uniq_robin
D:4:      layout_basic, ebering_ghost_reflecting_pool, dk_noncrumbling_3,
          nicolae_alphabet_shops, chequers_serial_rivers_micro_d, uniq_sigmund,
          uniq_blork_the_orc
D:5:      cheibrodos_barr_body, layout_loops_ring,
          mainiacjoe_overflow_boulevard, serial_glass, glass_columns_a,
          glass_columns_a, glass_columns_a, glass_columns_b
D:6:      nicolae_BIG_FREAKIN_CUBE, layout_loops_ring,
          minmay_temple_entry_nine_rooms
D:7:      layout_basic, lemuel_round_altar, uniq_prince_ribbit1
D:8:      layout_basic, uniq_psyche
D:9:      layout_basic, tso_oasis_becter, grunt_lair_entry_orc_guard_hut,
          orc_0_dummy
D:10:     gammafunk_corrupted_shrine, layout_irregular_city,
          overflow_temple_1_default, hangedman_abyss_or_decor_stabs,
          nicolae_wwwww, minmay_misc_feat_iff, onia_ninara_cookie
D:11:     layout_irregular_city, nicolae_dithmenos_through_a_glass_darkly
D:12:     layout_cave_pools, gauntlet_entry_generic, drop_trap,
          minmay_misc_feat_cross
Temple:   regret_index_temple_mists
Gauntlet: gammafunk_gauntlet_branching [nicolae_gauntlet_arena_blocks,
          gammafunk_gauntlet_arena_teeth, gammafunk_gauntlet_arena_spirals,
          gammafunk_gauntlet_arena_chambers,
          nicolae_gauntlet_arena_flowing_pool, gammafunk_gauntlet_arena_split_x,
          gammafunk_gauntlet_arena_hedges, gammafunk_gauntlet_arena_crates,
          gauntlet_exit_watery]

Skill      XL: |  1  2  3  4  5  6  7  8  9 10 11 |
---------------+----------------------------------+-----
Fighting       | 1 3 4 |  4.7
Transmutations | 2 |  2.0
Air Magic      | 1 2 3 |  3.0
Conjurations   | 1 2 3 4 6 7 |  7.0
Poison Magic   | 4 5 |  5.0
Spellcasting   | 4 5 |  5.0
Earth Magic    | 2 3 5 7 |  7.0
Ranged Weapons | 6 11 14 | 14.0
Shields        | 1 4 |  4.0
Evocations     | 4 7 |  7.0
Dodging        | 3 5 |  5.0
Armour         | 3 4 |  4.7
Stealth        | |  2.4

Action                   |  1- 3 |  4- 6 |  7- 9 | 10-12 || total
-------------------------+-------+-------+-------+-------++-------
Melee: Unarmed           |     2 |       |       |       ||     2
       Spear             |     1 |       |       |       ||     1
       Dagger            |     8 |    16 |       |       ||    24
       Short sword       |       |     3 |       |       ||     3
 Fire: Sling             |       |       |   218 |   207 ||   425
 Cast: Sting             |    70 |    51 |       |       ||   121
       Poisonous Vapours |     7 |    91 |    21 |    15 ||   134
       Mephitic Cloud    |     1 |     4 |     7 |    17 ||    29
Invok: Ancestor Identity |       |       |     1 |       ||     1
       Ancestor Life: Ba |       |       |     1 |       ||     1
Evoke: Wand              |       |     2 |       |     5 ||     7
  Use: Scroll            |     6 |     2 |     4 |     7 ||    19
       Potion            |       |       |       |     3 ||     3
 Stab: Confused          |     1 |     2 |       |       ||     3
Armor: Robe              |       |     7 |     6 |     6 ||    19
       Troll leather arm |       |       |       |     3 ||     3
Dodge: Dodged            |    14 |    25 |    15 |    13 ||    67
Block: Buckler           |       |       |     4 |    11 ||    15

Table legend: (Time is in decaauts)
 A = Elapsed time spent in this place.
 B = Non-inter-level travel time spent in this place.
 C = Inter-level travel time spent in this place.
 D = Time resting spent in this place.
 E = Time spent auto-exploring this place.
 F = Levels seen in this place.
 G = Mean time per level.
                   A        B        C        D        E       F      G
               +--------+--------+--------+--------+--------+-----+--------+
         Total |  15648 |  14219 |   1429 |    927 |  10921 |  14 | 1117.7 |
       Dungeon |  14997 |  13589 |   1408 |    927 |  10506 |  12 | 1249.8 |
        Temple |    195 |    174 |     21 |      0 |    130 |   1 |  195.0 |
      Gauntlet |    455 |    455 |      0 |      0 |    285 |   1 |  455.0 |
               +--------+--------+--------+--------+--------+-----+--------+

Top non-repeatable levels by time:
     D:3: 2460 daAuts
     D:4: 2091 daAuts
     D:2: 2055 daAuts
     D:1: 1787 daAuts
     D:7: 1061 daAuts
     D:5: 1017 daAuts
    D:10: 965 daAuts
     D:9: 923 daAuts
     D:8: 889 daAuts
     D:6: 886 daAuts
    D:11: 716 daAuts
Gauntlet: 455 daAuts
  Temple: 195 daAuts
    D:12: 144 daAuts
